AoeStats
← MIOSE5358

MegaRandom

509992011Analyzed
4v4 RM · 4d ago on Sep 28, 2026· 96m 48s· 8 players
Game mode
Random Map
Map size
Large (8 player)
Population
200
Speed
Normal
Resources
Standard
Victory
Conquest
Starting age
Dark Age
Ending age
Imperial Age
RankedLock teamsTeams togetherTeam positionsShared explorationLock speedFull tech treeHidden civsTurbo modeCheats
Victory
Defeat
🇺🇸 Spanish · United States
618
+12
🇨🇦 Huns · Canada
606
+13
🇦🇷 Jurchens · Argentina
585
+14
🇨🇦 Spanish · Canada
408
+21
🇪🇸 Byzantines · Spain
547
-16
🇨🇴 Spanish · Colombia
535
-15
🇧🇷 Goths · Brazil
532
-15
🇪🇸 Spanish · Spain
516
-14
MIOSE5358
10:05 Feudal Age
11:22 Wheelbarrow
11:47 Horse Collar
14:52 Double-Bit Axe
21:33 Castle Age
22:32 Hand Cart
23:15 Bow Saw
23:47 Heavy Plow
25:30 Stone Mining
29:55 Gold Mining
30:10 Padded Archer Armor
30:00 Fletching
35:20 Imperial Age
36:28 Conscription
37:14 Chemistry
38:05 Stone Shaft Mining
38:18 Leather Archer Armor
38:31 Ballistics
39:49 Two-Man Saw
39:07 Caravan
42:56 Forging
43:20 Ring Archer Armor
44:21 Bloodlines
44:20 Murder Holes
44:36 Fortified Wall
46:33 Arson
47:02 Husbandry
47:17 Bodkin Arrow
47:24 Guard Tower
51:38 Bracer
51:39 Scale Mail Armor
51:44 Scale Barding Armor
60:09 Hoardings
60:40 Elite Conquistador
65:45 Thumb Ring
73:19 Iron Casting
78:16 Masonry
80:14 Blast Furnace
79:34 Chain Mail Armor
John Lemon
7:49 Loom
11:31 Feudal Age
13:21 Wheelbarrow
16:06 Man-at-Arms
22:43 Castle Age
21:14 Forging
21:06 Scale Mail Armor
21:36 Padded Archer Armor
23:26 Squires
24:08 Double-Bit Axe
24:25 Pikeman
28:02 Long Swordsman
29:10 Gambesons
30:59 Bow Saw
31:14 Caravan
34:00 Fervor
35:34 Hand Cart
37:12 Horse Collar
38:11 Iron Casting
37:52 Chain Mail Armor
38:30 Greek Fire
42:44 Leather Archer Armor
42:46 Chain Mail Armor
43:13 Arson
43:45 Fletching
45:28 Coinage
45:29 Ballistics
44:59 Guard Tower
45:59 Bodkin Arrow
52:25 Imperial Age
53:59 Conscription
54:23 Treadmill Crane
54:53 Two-Handed Swordsman
59:16 Scale Barding Armor
59:12 Murder Holes
60:45 Ring Archer Armor
65:28 Chain Barding Armor
65:13 Halberdier
68:02 Chemistry
73:24 Champion
85:22 Banking
PUD
0:31 Loom
14:24 Feudal Age
15:44 Wheelbarrow
14:51 Horse Collar
15:00 Double-Bit Axe
18:03 Town Watch
19:28 Stone Mining
22:09 Fletching
23:29 Gold Mining
26:19 Castle Age
27:11 Squires
26:32 Pikeman
28:09 Heavy Plow
29:53 Bow Saw
30:46 Ballistics
32:11 Scale Mail Armor
33:46 Hand Cart
34:47 Padded Archer Armor
35:40 Stone Shaft Mining
36:18 Town Patrol
36:34 Scale Barding Armor
37:01 Leather Archer Armor
37:49 Caravan
38:37 Forging
40:27 Masonry
40:12 Murder Holes
39:58 Treadmill Crane
43:29 Imperial Age
41:45 Bodkin Arrow
44:32 Conscription
44:25 Perfusion
45:07 Heavy Cavalry Archer
45:50 Bracer
46:20 Ring Archer Armor
47:07 Chemistry
45:52 Halberdier
49:26 Iron Casting
49:07 Chain Mail Armor
49:38 Architecture
50:02 Crop Rotation
53:55 Husbandry
54:06 Bloodlines
54:26 Elite Skirmisher
59:55 Chain Barding Armor
60:36 Blast Furnace
60:29 Elite Huskarl
62:31 Two-Man Saw
61:38 Anarchy
62:10 Sappers
62:33 Man-at-Arms
67:21 Herbal Medicine
67:03 Crossbowman
67:07 Long Swordsman
78:48 Guilds
79:08 Coinage
79:18 Two-Handed Swordsman
84:31 Banking
latorrejangel
8:39 Loom
11:25 Feudal Age
25:13 Castle Age
24:27 Man-at-Arms
24:53 Arson
27:18 Wheelbarrow
28:14 Horse Collar
28:38 Double-Bit Axe
30:26 Squires
30:11 Gambesons
29:50 Long Swordsman
34:03 Heavy Plow
36:23 Hand Cart
35:55 Town Watch
36:03 Gold Mining
36:05 Stone Mining
36:42 Bow Saw
41:55 Imperial Age
39:32 Town Patrol
40:26 Stone Shaft Mining
46:11 Hoardings
45:08 Sappers
45:49 Thumb Ring
47:28 Elite Conquistador
51:28 Supremacy
52:49 Husbandry
53:00 Bloodlines
52:57 Elite Skirmisher
53:06 Capped Ram
53:12 Light Cavalry
57:38 Siege Ram
65:36 Two-Handed Swordsman
67:00 Champion
67:01 Pikeman
76:57 Halberdier
Sour
10:52 Feudal Age
14:56 Double-Bit Axe
19:20 Horse Collar
25:38 Castle Age
25:56 Scale Barding Armor
26:40 Bow Saw
26:30 Town Watch
31:31 Ballistics
33:00 Husbandry
38:41 Town Patrol
39:21 Chain Barding Armor
39:12 Forging
39:32 Bloodlines
38:53 Man-at-Arms
46:50 Imperial Age
44:34 Gambesons
45:56 Wheelbarrow
45:07 Loom
45:31 Guard Tower
46:34 Redemption
46:35 Fervor
46:29 Scale Mail Armor
47:19 Cavalier
55:37 Hand Cart
54:59 Elite Skirmisher
59:39 Fletching
60:58 Plate Barding Armor
61:00 Iron Casting
73:05 Blast Furnace
77:39 Heavy Plow
ALWJT
12:17 Feudal Age
13:09 Man-at-Arms
21:38 Castle Age
19:34 Double-Bit Axe
19:34 Horse Collar
31:32 Elite Skirmisher
33:55 Caravan
35:33 Bow Saw
35:55 Heavy Plow
39:48 Imperial Age
40:15 Ballistics
39:53 Murder Holes
40:36 Forging
40:16 Fletching
40:27 Padded Archer Armor
42:00 Conscription
43:21 Chemistry
42:23 Gold Mining
44:14 Wheelbarrow
43:27 Town Watch
47:28 Elite Conquistador
54:20 Iron Casting
53:41 Bodkin Arrow
54:02 Leather Archer Armor
53:53 Scale Barding Armor
54:36 Bombard Tower
54:02 Arrowslits
54:27 Fortified Wall
54:30 Masonry
54:11 Guard Tower
77:41 Architecture
78:20 Hand Cart
83:27 Stone Mining
mmontemurro99
1:06 Loom
15:32 Feudal Age
17:35 Wheelbarrow
17:09 Double-Bit Axe
18:18 Horse Collar
24:14 Gold Mining
24:15 Stone Mining
29:05 Forging
29:01 Scale Barding Armor
31:04 Castle Age
32:26 Gold Shaft Mining
32:27 Stone Shaft Mining
34:24 Heavy Plow
35:51 Hand Cart
35:47 Husbandry
35:57 Bloodlines
36:50 Iron Casting
36:36 Chain Barding Armor
39:04 Imperial Age
39:27 Elite Iron Pagoda
40:08 Fortified Bastions
39:38 Sappers
40:29 Conscription
39:35 Elite Steppe Lancer
41:24 Blast Furnace
41:00 Plate Barding Armor
42:50 Caravan
44:00 Town Watch
45:58 Bow Saw
46:24 Crop Rotation
47:03 Masonry
46:59 Siege Engineers
49:39 Heavy Rocket Cart
52:50 Hoardings
54:37 Two-Man Saw
59:23 Chemistry
58:05 Treadmill Crane
58:47 Ballistics
58:39 Fortified Wall
61:48 Gold Shaft Mining
61:49 Stone Shaft Mining
65:04 Thunderclap Bombs
Cigarette Lobster
1:37 Loom
2:38 Loom
13:54 Feudal Age
16:37 Forging
17:22 Bloodlines
19:09 Scale Barding Armor
25:28 Castle Age
23:34 Double-Bit Axe
24:23 Gold Mining
24:30 Stone Mining
24:27 Horse Collar
26:23 Husbandry
26:42 Bow Saw
28:17 Fervor
29:08 Light Cavalry
31:02 Heavy Plow
32:04 Gold Shaft Mining
31:40 Caravan
34:49 Iron Casting
34:19 Town Watch
35:38 Chain Barding Armor
39:28 Fletching
42:09 Wheelbarrow
43:23 Hand Cart
43:20 Town Patrol
45:54 Imperial Age
43:27 Town Patrol
43:41 Masonry
44:36 Arson
44:52 Squires
44:51 Bodkin Arrow
44:57 Padded Archer Armor
46:27 Cavalier
46:30 Hussar
49:05 Two-Man Saw
48:25 Guilds
48:39 Conscription
48:48 Paladin
49:57 Ballistics
50:38 Chemistry
49:42 Murder Holes
50:59 Bracer
51:15 Leather Archer Armor
52:01 Blast Furnace
52:04 Plate Barding Armor
53:32 Coinage
55:53 Banking
55:35 Thumb Ring
55:58 Parthian Tactics
55:01 Heavy Cavalry Archer
59:52 Elite Skirmisher
67:20 Pikeman
67:22 Man-at-Arms
71:38 Scale Mail Armor
87:42 Chain Mail Armor
89:19 Crossbowman
89:29 Spies/Treason
89:41 Sappers
89:36 Elite Tarkan
90:19 Marauders
90:44 Sanctity
90:25 Devotion
90:50 Illumination
90:26 Atonement
90:47 Heresy
91:08 Atheism
96:30 Faith
95:36 Halberdier
95:39 Long Swordsman
96:15 Capped Ram
97:18 Careening
97:19 Clinker Construction
Connection lost

Rejoining the realm…

Still unreachable

The connection could not be restored.

Session expired

The server has moved on; the page needs a fresh start.